Map: Prion Terraces

Players

IIIIIIIIIIII - Winner!

  • Race: Zerg Zerg
  • League: Master

xKawaiian

  • Race: Terran Terran
  • League: Master

VOD

Have the link to the VOD?

Description

Time

  • Played on: Jan. 13, 2016, 4:35 p.m.
  • Length: 14:20
Show
View Real Time Build Order
Export as new Build Order

IIIIIIIIIIII Zerg - Winner!

Build Orders: Hatch First, Muta Ling Bane 

Get SALT Encoding   

  12  0:00  Drone  
  13  0:08  Drone  
  14  0:17  Overlord  
  14  0:22  Extractor  
  14  0:24  Drone  
  15  0:36  Drone x2  
  17  0:52  Hatchery  
  17  0:54  Drone  
  17  1:01  Drone, Extractor  
  17  1:13  Spawning Pool  
  16  1:19  Drone  
  16  1:21  Drone  
  18  1:27  Drone  
  19  1:37  Overlord  
  19  1:48  Drone  
  20  1:59  Queen  
  20  2:00  Zergling x2  
  23  2:03  Metabolic Boost  
  23  2:04  Queen  
  23  2:06  Zergling x2  
  26  2:10  Drone  
  26  2:14  Drone  
  28  2:20  Drone  
  29  2:33  Drone  
  30  2:39  Overlord, Queen  
  32  2:48  Drone x3  
  32  2:50  Lair  
  35  2:54  Drone  
  36  3:01  Overlord  
  36  3:04  Drone  
  37  3:10  Extractor  
  37  3:11  Drone x2  
  37  3:12  Drone  
  39  3:13  Drone x2  
  39  3:15  Drone  
  42  3:21  Drone x2  
  44  3:29  Extractor  
  44  3:30  Overlord  
  44  3:32  Drone x2  
  45  3:42  Drone  
  45  3:46  Drone x2  
  48  3:48  Spire  
  48  3:50  Extractor  
  48  3:51  Drone  
  48  3:52  Drone x2  
  48  3:53  Drone x2  
  51  3:57  Overlord  
  52  4:02  Zergling x2  
  52  4:05  Zergling x2  
  52  4:08  Overseer  
  53  4:12  Zergling x2  
  54  4:17  Drone x2  
  54  4:18  Overlord  
  54  4:19  Zergling x2  
  54  4:20  Zergling x4  
  59  4:40  Overlord  
  59  5:02  Mutalisk x6  
  59  5:04  Overlord  
  59  5:05  Overlord  
  71  5:09  Mutalisk  
  69  5:25  Mutalisk  
  69  5:26  Mutalisk  
  67  5:31  Zergling x2  
  67  5:32  Zergling x8  
  70  5:46  Queen  
  70  5:49  Mutalisk  
  72  5:50  Mutalisk  
  72  5:51  Overlord  
  72  5:53  Zergling x2  
  77  6:00  Hatchery  
  77  6:02  Zerg Flyer Weapons Level 1  
  76  6:04  Drone x2  
  76  6:06  Evolution Chamber  
  76  6:07  Evolution Chamber  
  76  6:11  Drone  
  76  6:15  Drone x2  
  76  6:16  Drone x2  
  81  6:26  Baneling Nest  
  81  6:27  Drone x4  
  84  6:33  Zerg Melee Weapons Level 1  
  84  6:34  Zerg Ground Armor Level 1  
  84  6:36  Roach Warren  
  84  6:37  Drone  
  84  6:38  Drone  
  85  6:42  Drone  
  85  6:43  Drone  
  87  6:58  Overlord  
  87  7:11  Centrifical Hooks  
  87  7:13  Baneling x3  
  87  7:16  Glial Reconstitution  
  87  7:18  Roach x9  
  105  7:23  Drone x3  
  105  7:25  Drone x2  
  110  7:30  Overlord  
  110  7:33  Drone  
  110  7:34  Drone  
  112  7:40  Extractor x2  
  112  7:42  Baneling x3  
  112  7:43  Overseer, Baneling  
  110  7:49  Drone  
  110  7:50  Drone x2  
  113  7:51  Zergling x2  
  113  7:52  Zergling x8  
  113  7:53  Baneling  
  113  7:54  Baneling x3  
  113  7:56  Queen  
  120  8:00  Overlord  
  120  8:02  Roach x3  
  120  8:03  Roach x2  
  130  8:10  Overlord x2  
  130  8:23  Drone x3  
  132  8:30  Ravager x5  
  132  8:31  Ravager  
  139  8:34  Zergling x18  
  139  8:37  Hatchery  
  144  8:42  Zergling x4  
  144  8:43  Zergling x6  
  145  8:58  Mutalisk  
  145  8:59  Mutalisk x3  
  139  9:03  Zergling x12  
  142  9:19  Overlord  
  142  9:20  Overlord x3  
  142  9:23  Baneling  
  142  9:24  Baneling x15  
  142  9:25  Zergling x10  
  142  9:29  Mutalisk  
  149  9:33  Overseer  
  149  9:45  Zergling x14  
  152  9:50  Zerg Ground Armor Level 2  
  156  9:55  Zerg Melee Weapons Level 2  
  156  10:00  Zergling x2  
  156  10:01  Zergling x16  
  165  10:07  Baneling x7  
  165  10:08  Overlord  
  165  10:09  Overlord  
  165  10:10  Overlord  
  165  10:11  Zergling x8  
  169  10:16  Zerg Flyer Weapons Level 2  
  169  10:19  Zergling x4  
  169  10:20  Zergling x10  
  176  10:30  Mutalisk x2  
  176  10:32  Zergling x8  
  176  10:34  Baneling x3  
  184  10:36  Drone x2  
  184  10:38  Extractor  
  184  10:40  Extractor  
  181  10:54  Zergling x2  
  181  10:55  Zergling x22  
  163  11:05  Mutalisk x5  
  163  11:07  Zergling x4  
  163  11:11  Zergling x2  
  158  11:17  Mutalisk x2  
  150  11:22  Zergling x2  
  150  11:23  Zergling x8  
  148  11:36  Baneling x12  
  148  11:37  Drone x3  
  148  11:38  Drone x3  
  154  11:46  Zergling x10  
  159  11:48  Baneling x8  
  159  11:52  Roach  
  159  11:53  Roach, Zergling x12  
  169  12:02  Zergling x10  
  169  12:03  Hatchery  
  173  12:09  Pneumatized Carapace  
  173  12:10  Overseer  
  173  12:12  Zergling x8  
  177  12:18  Zergling x2  
  177  12:19  Zergling x8  
  179  12:40  Mutalisk  
  179  12:41  Mutalisk x7  
  193  12:47  Infestation Pit  
  144  13:05  Zergling x16  
  140  13:06  Zergling x8  
  140  13:10  Baneling x4  
  148  13:13  Zergling x4  
  148  13:16  Zergling x2  
  148  13:18  Zergling x4  
  153  13:23  Zergling x2  
  153  13:24  Zergling x2  
  153  13:25  Baneling x3  
  153  13:26  Baneling x7  
  153  13:28  Mutalisk x3  
  153  13:33  Baneling x11  
  153  13:34  Zergling x8  
  160  13:35  Zergling x6  
  160  13:36  Zergling x6  
  160  13:38  Zergling x4  
  171  13:48  Zergling x8  
  175  13:52  Mutalisk  
Show
View Real Time Build Order
Export as new Build Order

xKawaiian Terran 

Build Orders: Reaper Expand, MMM Bio 

Get SALT Encoding   

  12  0:00  SCV  
  13  0:13  SCV  
  14  0:17  Supply Depot  
  14  0:25  SCV  
  15  0:39  SCV, Barracks  
  16  0:46  Refinery  
  16  0:51  SCV  
  17  1:03  SCV  
  18  1:15  SCV  
  19  1:27  Orbital Command  
  19  1:30  Reaper  
  20  1:39  Command Center  
  20  1:48  Supply Depot  
  20  1:53  SCV  
  21  2:02  Barracks Reactor  
  21  2:07  SCV  
  22  2:18  Command Center  
  22  2:26  SCV  
  23  2:38  SCV  
  23  2:40  Factory  
  23  2:42  Marine x2  
  26  2:50  SCV  
  27  2:52  Orbital Command  
  27  2:57  Refinery  
  27  3:01  Marine  
  27  3:02  SCV  
  27  3:05  Marine  
  30  3:14  SCV  
  32  3:21  SCV  
  32  3:26  SCV  
  33  3:27  Starport  
  33  3:31  Hellion  
  33  3:32  Hellion  
  36  3:36  SCV, Orbital Command  
  36  3:38  SCV, Marine  
  39  3:48  SCV  
  40  3:51  SCV  
  40  3:52  Hellion  
  40  3:53  Hellion  
  45  3:56  Marine  
  45  4:00  SCV  
  47  4:03  Supply Depot, SCV  
  47  4:04  Medivac  
  47  4:09  SCV  
  51  4:13  Marine  
  51  4:14  SCV, Hellion  
  51  4:15  SCV  
  56  4:18  Hellion  
  56  4:21  SCV  
  59  4:24  Barracks  
  59  4:26  SCV  
  59  4:30  Barracks  
  59  4:31  SCV  
  61  4:34  Barracks Tech Lab  
  61  4:42  SCV  
  62  4:47  Supply Depot  
  62  4:48  Starport Reactor  
  62  4:49  SCV  
  62  4:51  Refinery  
  62  4:52  Refinery  
  63  4:54  Engineering Bay  
  63  4:55  Engineering Bay  
  63  4:58  SCV  
  63  4:59  SCV, Stimpack  
  65  5:04  Factory Tech Lab  
  66  5:07  SCV  
  66  5:11  Barracks  
  66  5:12  Barracks  
  64  5:16  SCV x2  
  65  5:25  Liberator  
  65  5:26  Hellion  
  65  5:27  SCV  
  59  5:34  Missile Turret  
  59  5:35  Marine  
  53  5:37  Missile Turret  
  53  5:40  Missile Turret x2  
  56  5:51  Missile Turret  
  56  5:52  Marine  
  56  5:53  Marine  
  56  5:55  Marine  
  59  6:00  Bunker  
  59  6:02  Supply Depot, Marine  
  60  6:08  SCV  
  60  6:09  SCV  
  60  6:13  Supply Depot, Factory Reactor  
  60  6:14  SCV, Marine x2  
  60  6:15  Marine  
  64  6:20  SCV  
  64  6:23  Medivac  
  64  6:25  Medivac  
  69  6:26  Terran Infantry Weapons Level 1  
  69  6:27  Terran Infantry Armor Level 1  
  69  6:29  Orbital Command  
  69  6:31  SCV  
  69  6:32  SCV  
  71  6:33  Barracks Reactor  
  71  6:34  Barracks Reactor  
  71  6:36  Combat Shields  
  71  6:38  Marine  
  71  6:39  Marine x3  
  75  6:50  Supply Depot  
  75  6:51  Supply Depot  
  75  6:53  Medivac  
  77  6:55  Medivac  
  77  6:56  Marine x4  
  77  6:57  Armory  
  77  6:58  Orbital Command  
  77  6:59  Supply Depot, SCV  
  84  7:03  Hellion x2  
  88  7:09  SCV  
  88  7:13  Marine x3  
  88  7:14  Marine x3  
  95  7:16  Supply Depot  
  95  7:17  Supply Depot, Marine  
  95  7:20  SCV  
  97  7:25  Bunker, Concussive Shells  
  97  7:27  Widow Mine  
  99  7:31  Missile Turret  
  99  7:34  Marine  
  99  7:35  Marine x3  
  99  7:36  Medivac  
  105  7:37  Medivac  
  105  7:42  Refinery, Marine  
  105  7:43  Refinery, Marine  
  109  7:44  Marine x2  
  111  7:52  Marine x3  
  111  7:53  Marine  
  111  7:58  Supply Depot, Widow Mine  
  115  8:00  Supply Depot, Marine x2, Widow Mine  
  115  8:02  Supply Depot, Marine  
  123  8:06  SCV x2  
  123  8:10  Marine  
  126  8:13  Marine, Medivac x2  
  126  8:14  Marine  
  126  8:19  Missile Turret  
  131  8:20  Marine x2  
  131  8:26  Command Center  
  132  8:27  SCV  
  132  8:32  Marine x3  
  132  8:33  Marine  
  137  8:41  Terran Infantry Weapons Level 2, Marine x2  
  136  8:42  Widow Mine x2  
  136  8:43  Medivac x2  
  145  8:48  Marine x2  
  145  8:51  Marine  
  139  9:01  Marine x4  
  110  9:04  Marine  
  110  9:07  Marauder x2  
  110  9:09  Marine  
  114  9:11  Widow Mine  
  114  9:12  Hellion  
  114  9:13  Medivac  
  118  9:18  Terran Infantry Armor Level 2  
  118  9:19  Marine  
  119  9:28  Marauder  
  119  9:29  Marauder, Marine  
  119  9:30  Marine  
  125  9:31  Barracks x2  
  125  9:32  Widow Mine  
  125  9:33  Marine x3  
  125  9:36  SCV  
  131  9:42  Marine  
  131  9:43  Widow Mine  
  124  9:46  SCV  
  124  9:47  Marine  
  124  9:49  Marauder  
  128  9:54  Missile Turret, Orbital Command  
  128  9:56  Missile Turret  
  128  9:57  Marauder  
  128  9:58  Marine  
  128  9:59  Marine  
  122  10:01  Widow Mine  
  122  10:04  Marine  
  122  10:05  Marine x2  
  127  10:08  Marine  
  127  10:11  Marauder  
  127  10:12  Widow Mine  
  132  10:15  SCV  
  132  10:16  Marine  
  132  10:20  Barracks Reactor, Barracks Tech Lab, Marauder, Marine  
  137  10:22  SCV  
  137  10:23  Marine x2  
  137  10:27  Marine x2  
  142  10:29  Widow Mine  
  142  10:32  Marauder  
  142  10:34  Marine  
  147  10:37  Marine  
  147  10:41  Marine x2, Widow Mine  
  147  10:42  Marine, Marauder  
  155  10:44  Marine  
  155  10:45  Marine  
  155  10:49  SCV  
  150  10:52  Marine  
  150  10:53  Marauder  
  150  10:55  Marine  
  150  10:58  Widow Mine  
  150  10:59  Marine x2  
  150  11:00  Marauder  
  150  11:02  Marine x2  
  150  11:03  Marauder  
  154  11:07  Marine  
  154  11:09  Widow Mine  
  121  11:13  Marine x2  
  121  11:15  Marauder, Marine  
  117  11:21  Marine  
  117  11:22  Marauder  
  117  11:24  Marauder  
  117  11:25  Marine x3  
  124  11:26  Widow Mine  
  124  11:30  Marine x2  
  124  11:31  Marine  
  124  11:32  Terran Infantry Weapons Level 3  
  128  11:34  Medivac  
  128  11:36  Marauder  
  128  11:38  Widow Mine  
  134  11:41  Marine  
  134  11:43  Marauder  
  134  11:44  Supply Depot  
  134  11:46  Marine, Marauder  
  140  11:49  Medivac  
  140  11:50  Supply Depot  
  142  11:54  Marine x2  
  142  11:55  Widow Mine  
  142  11:58  Marine, Marauder  
  149  12:05  Marauder  
  149  12:06  Widow Mine  
  149  12:07  Supply Depot, Marauder  
  155  12:09  Marine  
  155  12:10  Marine  
  155  12:13  Command Center  
  155  12:15  Marine x4  
  158  12:19  Marauder  
  158  12:20  Marine x2  
  162  12:23  Widow Mine  
  162  12:26  Marauder  
  162  12:27  Command Center, Marine  
  162  12:28  Marauder, Marine  
  159  12:31  Supply Depot  
  159  12:34  Medivac x2  
  159  12:35  Widow Mine  
  159  12:36  Marine x2  
  156  12:38  SCV  
  156  12:40  Marauder  
  157  12:49  Marine  
  157  12:50  Marine  
  157  12:51  Marauder  
  156  12:52  Widow Mine  
  156  12:56  Marine  
  156  12:57  Marauder  
  156  12:58  Marine  
  136  13:02  Marauder  
  136  13:03  Marine, Widow Mine  
  141  13:07  SCV x2, Marine x3  
  141  13:08  Marine  
  141  13:10  Marine, Medivac  
  141  13:12  Marauder  
  152  13:16  Medivac  
  152  13:18  Marauder  
  152  13:19  Orbital Command  
  156  13:20  Widow Mine, Marine  
  156  13:22  Orbital Command  
  156  13:23  Marine, Marauder  
  156  13:24  Orbital Command  
  156  13:32  Marine, Widow Mine  
  156  13:33  Marine  
  156  13:34  Marauder  
  162  13:40  Medivac, Marauder  
  166  13:45  Marauder  
  166  13:46  Medivac, Marine x3  
  166  13:48  Marine x2  
  175  13:49  Widow Mine  
  175  13:55  Marauder  
  176  13:57  Marine  
  176  13:58  Marine  
  176  14:06  SCV  
Tags
 
Add a new tag
Caveats
  • Supply blocks, unpowered buildings, or Contaminate may cause inaccurate times.
  • Supply counts are checked every 10 seconds.